 Dungeon Crawl Stone Soup version 0.17.2-1-ge4368a0 (webtiles) character file.

1520756 jazmu the Conqueror (level 27, 199/199 HPs)
             Began as a Gargoyle Artificer on Oct 3, 2016.
             Was the Champion of Okawaru.
             Escaped with the Orb
             ... and 3 runes on Oct 4, 2016!
             The game lasted 04:45:45 (99381 turns).

jazmu the Conqueror (Gargoyle Artificer)           Turns: 99381, Time: 04:45:45

Health: 199/199    AC: 69    Str: 32    XL:     27
Magic:  29/29      EV: 14    Int: 16    God:    Okawaru [******]
Gold:   5889       SH:  0    Dex:  9    Spells: 0 memorised, 26 levels left

rFire  + + +     SeeInvis +     O - +7 great mace "Idohejau" {crush, Dex+4 Stlth+}
rCold  + . .     Clarity  .     G - +9 armour of the Dragon King {rPois rF+ rC+ MR+}
rNeg   + . .     SustAt   .     (shield currently unavailable)
rPois  ∞         Gourm    .     N - +0 hat {SInv}
rElec  +         Spirit   .     P - +2 cloak {MR+}
rCorr  .         Warding  .     z - +2 pair of gloves {Str+3}
rMut   +         Stasis   .     j - +2 pair of boots {run}
MR     +++++                    q - amulet of resist mutation {rMut, !d}
Stlth  ..........               n - ring of the Duchess {rF+ MR+ Dex-5 Stlth+}
                                e - ring of Coam {+Inv rElec rF+ Str+4}

@: flying, quick, almost entirely resistant to hostile enchantments, extremely
unstealthy
A: big wings, blurry vision 1, magic resistance 1, negative energy resistance 1,
electricity resistance, unbreathing, petrification resistance, rot immunity,
subdued magic 1, AC +20
a: Stop Flying, Heroism, Finesse, Renounce Religion, Evoke Invisibility
0: Orb of Zot
}: 3/15 runes: decaying, serpentine, silver


You escaped.
You worshipped Okawaru.
Okawaru was exalted by your worship.
You were not hungry.

You visited 11 branches of the dungeon, and saw 57 of its levels.
You visited 1 ziggurat, and saw 6 of its levels.
You also visited: Bailey.

You collected 10741 gold pieces.
You spent 4852 gold pieces at shops.

Inventory:

Hand Weapons
 O - the +7 great mace "Idohejau" (weapon) {crush, Dex+4 Stlth+}
   (Okawaru gifted it to you on level 2 of the Vaults)

   It inflicts extra damage upon your enemies.
   It affects your dexterity (+4).
   It makes you more stealthy.
Armour
 i - the +4 chain mail of Gevykhoh {Str+3 Int+4, unknown}
   (You acquired it on level 5 of a ziggurat)

   It affects your strength (+3).
   It affects your intelligence (+4).
 j - a +2 pair of boots of running (worn)
   (Okawaru gifted it to you on level 6 of the Lair of Beasts)
 z - a +2 pair of gloves of strength (worn)
   (Okawaru gifted it to you on level 1 of the Lair of Beasts)
 G - the +9 armour of the Dragon King (worn) {rPois rF+ rC+ MR+}
   (You found it on level 2 of the Crypt)

   It protects you from fire.
   It protects you from cold.
   It protects you from poison.
   It affects your resistance to hostile enchantments.
 N - a +0 hat of see invisible (worn)
   (Okawaru gifted it to you on level 3 of the Snake Pit)
 P - a +2 cloak of magic resistance (worn)
   (Okawaru gifted it to you on level 4 of the Lair of Beasts)
Magical Staves
 A - an uncursed staff of poison {unknown}
   (You found it on level 6 of a ziggurat)
Jewellery
 d - the ring of Caxe {rElec rPois rF+ Int-2}
   (You found it on level 2 of a ziggurat)

   [ring of protection from fire]

   It affects your intelligence (-2).
   It protects you from fire.
   It insulates you from electricity.
   It protects you from poison.
 e - the ring of Coam (left hand) {+Inv rElec rF+ Str+4}
   (You took it off a deep elf fighter on level 3 of the Elven Halls)

   [ring of invisibility]

   It affects your strength (+4).
   It protects you from fire.
   It insulates you from electricity.
   It lets you turn invisible.
 g - an uncursed ring of ice {rC+, rF-}
   (You found it on level 4 of a ziggurat)
 h - the amulet of the Six Runes {-Tele +Rage rElec rPois MR+}
   (You found it on level 5 of a ziggurat)

   [amulet of rage]

   It insulates you from electricity.
   It protects you from poison.
   It affects your resistance to hostile enchantments.
   It lets you go berserk.
   It prevents most forms of teleportation.
 n - the ring of the Duchess (right hand) {rF+ MR+ Dex-5 Stlth+}
   (You found it on level 6 of the Lair of Beasts)

   [ring of protection from magic]

   It affects your dexterity (-5).
   It protects you from fire.
   It affects your resistance to hostile enchantments.
   It makes you more stealthy.
 q - an amulet of resist mutation (around neck) {rMut, !d}
   (You took it off a yaktaur captain on level 5 of the Vaults)
 w - an uncursed ring of protection from magic {MR+, !d}
   (You found it on level 4 of the Vaults)
 B - the ring "Fungut" {EV+4 Dex+3}
   (You found it on level 6 of a ziggurat)

   [ring of evasion]

   It affects your evasion (+4).
   It affects your dexterity (+3).
 E - the brooch of Shielding {Ward rN+ AC+4 EV+4}
   (You found it on level 4 of the Vaults)

   [amulet of warding]

   It may prevent the melee attacks of summoned creatures.
   It affects your AC (+4).
   It affects your evasion (+4).
   It protects you from negative energy.
 H - an uncursed ring of see invisible {sInv, !d}
   (You found it on level 7 of the Lair of Beasts)
 K - an uncursed amulet of the gourmand {unknown}
   (You found it on level 5 of the Realm of Zot)
 Q - an uncursed ring of protection from magic {MR+, !d}
   (You took it off a deep elf high priest on level 5 of the Vaults)
Wands
 c - a wand of digging (8)
   (You found it on level 1 of the Depths)
 L - a wand of disintegration (7)
   (You found it on level 3 of the Depths)
 R - a wand of digging (10)
   (You found it on level 5 of the Depths)
 T - a wand of teleportation (6)
   (You found it on level 8 of the Lair of Beasts)
Scrolls
 b - 12 scrolls of recharging
 k - 11 scrolls of fear
 r - 25 scrolls of remove curse
 t - a scroll of blinking {!r}
 u - 2 scrolls of silence
 v - 8 scrolls of teleportation
 y - 18 scrolls of identify
 C - 4 scrolls of magic mapping {!r}
 F - 8 scrolls of fog
 U - a scroll of summoning
 V - a scroll of enchant weapon
Potions
 a - 4 potions of invisibility
 l - 7 potions of curing
 m - 3 potions of heal wounds
 o - 7 potions of might
 p - 5 potions of haste
 x - 4 potions of agility
 I - 4 potions of cancellation
 J - 3 potions of resistance
 Y - a potion of berserk rage {!q}
Miscellaneous
 s - a fan of gales
   (You found it on level 6 of a ziggurat)
 D - a lamp of fire
   (You found it on level 5 of the Depths)
 M - a stone of tremors
   (You found it on level 5 of the Realm of Zot)
 W - a crystal ball of energy
   (You found it on level 3 of the Realm of Zot)
Comestibles
 f - 17 bread rations {@e1}


   Skills:
 O Level 27 Fighting
   Level 0.8 Short Blades
 O Level 27 Maces & Flails
 O Level 27 Armour
 + Level 18.5 Dodging
 - Level 1.1 Stealth
   Level 5.5 Shields
 - Level 5.1 Invocations
 - Level 8.6 Evocations


You had 26 spell levels left.
You didn't know any spells.

Dungeon Overview and Level Annotations

Branches:
Dungeon (15/15)            Temple (1/1) D:4            Lair (8/8) D:8
  Swamp (4/4) Lair:3        Snake (4/4) Lair:6        Slime (0/6) Lair:8
    Orc (4/4) D:11            Elf (3/3) Orc:3        Vaults (5/5) D:13
  Crypt (3/3) Vaults:3       Tomb (0/3) Crypt:3      Depths (5/5) D:15
    Zot (5/5) Depths:5

Altars:
Ashenzari
Cheibriados
Dithmenos
Elyvilon
Fedhas
Gozag
Kikubaaqudgha
Makhleb
Nemelex Xobeh
Okawaru
Qazlal
Ru
Sif Muna
Trog
Vehumet
Xom
Yredelemnul
The Shining One

Shops:
D:6 }   D:11 %   Orc:2 }   Orc:4 [[%   Snake:1 !}?   Snake:3 :   Vaults:1 [*}[
Vaults:2 *   Vaults:3 [   Depths:2 *}   Depths:3 **[!%   Depths:5 !

Portals:
Hell: Depths:1 Depths:2 Depths:3 Depths:4 Depths:5
Abyss: Depths:2 Depths:4
Pandemonium: Depths:3
Trove: Elf:1 (lose all piety)

Annotations:
D:3 exclusion: sky beast
D:4 jazmu's ghost, amateur GrSk
Lair:6 exclusion: oklob plant
Vaults:5 1 exclusion


Innate Abilities, Weirdness & Mutations

You are resistant to torment.
Your stone body is resilient (AC +20).
You are immune to poison.
Your large and strong wings let you fly indefinitely.
You resist negative energy.
You are resistant to electric shocks.
You can survive without breathing.
You are immune to petrification.
You are immune to rotting.
Scrolls take you a little longer to read.
You are resistant to hostile enchantments.
Your spells are a little easier to cast, but a little less powerful.


Message History

You fly upwards.
There is a stone staircase leading down here.
You see here a robe.
There is a stone staircase leading up here.
You fly upwards.
There is a stone staircase leading down here.
You see here a ring mail.
There is a stone staircase leading up here.
You fly upwards.
There is a stone staircase leading down here.
There is a stone staircase leading up here.
You fly upwards.
There is a stone staircase leading down here.
Items here: (( ))) 5 poisoned needles; an uncursed short sword; an uncursed blowgun; a stone a club
Items here: ( )) [ 3 stones; a leather armour; a flail; a club
There is a stone staircase leading down, spattered with blood here.
Items here: ( ) [[ a leather armour; a hand axe; a leather armour; 3 poisoned needles You see here 16 arrows.
Things that are here:
2 arrows; a falchion
Items here: ( )) [[ an arrow; a ring mail; a flail; a plate armour; a hand axe
Things that are here:
a robe; an enchanted mace
Items here: )) [[ a robe; a great sword; a robe; a great sword
There is a stone staircase leading up here.
You fly upwards.
There is a stone staircase leading down here.
An Orb Guardian comes into view.
You regained 45 hp, and now have 186/199 hp.
You crush the Orb Guardian like a grape!!!
The Orb Guardian hits you but does no damage.
You miss the Orb Guardian.
The Orb Guardian hits you but does no damage.
You sock the Orb Guardian!
The Orb Guardian hits you but does no damage.
You sock the Orb Guardian!
You kill the Orb Guardian!
Okawaru accepts your kill. Something appears at your feet!
Okawaru grants you a gift!
A red devil comes into view. It is wielding a trident.
(D) Dungeon (T) Temple (L) Lair (S) Swamp (P) Snake Pit (M) Slime Pits (O) Orcish Mines (E) Elven Halls (V) Vaults (C) Crypt (W) Tomb (U) Depths (H) Hell (Z) Zot
Where to? (Enter - D:1, ? - help)
A red devil is nearby!
The red devil hits you but does no damage.
The red devil hits you but does no damage.
You bludgeon the red devil!! You sock the red devil!
You kill the red devil!
Okawaru accepts your kill.
No target in view!
(D) Dungeon (T) Temple (L) Lair (S) Swamp (P) Snake Pit (M) Slime Pits (O) Orcish Mines (E) Elven Halls (V) Vaults (C) Crypt (W) Tomb (U) Depths (H) Hell (Z) Zot
Where to? (Enter - D:1, ? - help)
You see here a trident.
You see here an arrow.
You see here an arrow.
There is a stone staircase leading up here.
You fly upwards.
There is a stone staircase leading down here.
There is an escape hatch in the ceiling here.
A mysterious force pulls you upwards. The hatch slams shut behind you.
There is a stone staircase leading up here.
There is a stone staircase leading up here.
You fly upwards.
Level annotation: jazmu's ghost, amateur GrSk
There is a stone staircase leading down here.
A Shadow Fiend comes into view.
Health restored: 199
There is a stone staircase leading up here.
You fly upwards.
Level annotation: exclusion: sky beast
There is a stone staircase leading down here.
(D) Dungeon (T) Temple (L) Lair (S) Swamp (P) Snake Pit (M) Slime Pits (O) Orcish Mines (E) Elven Halls (V) Vaults (C) Crypt (W) Tomb (U) Depths (H) Hell (Z) Zot
Where to? (Enter - D:1, ? - help)
There is an open door here.
There is a stone staircase leading up here.
You fly upwards.
There is a stone staircase leading down here.
You see here a stone.
There is a stone staircase leading up here.
You fly upwards.
There is a stone staircase leading down here.
You see here a dagger.
There is a staircase leading out of the dungeon here.
You have escaped!

....#####........................
##### ##'#..(....#.>#..........
#.#.#######..).........)
#.#.#.....####..####....
#.(.#..⌠.....##.# #....
#.###.........#.# #....
#..#......#.....# #....
#.........###...# ####.
#...#..@..# ##..# ##.
##########.........###..## #..
............#......#....# #..
###........###.........## #..
#..####### #..⌠.....## #.. #....#
#.....#### ##. ##.#.# ####### #.
#.#.# #. #.#.# #.


There were no monsters in sight!

Vanquished Creatures
  Khufu (Crypt:2)
  5 orbs of fire
  Mara (Elf:3)
  Mennas (Vaults:2)
  2 juggernauts
  5 ancient liches
  2 greater mummies (Crypt:2)
  Boris (Crypt:2)
  Frederick (Vaults:1)
  the Lernaean hydra (Swamp:4)
  Margery (Vaults:2)
  Saint Roka (Vaults:3)
  3 curse toes
  3 Killer Klowns
  11 golden dragons
  A profane servitor (Crypt:3)
  Nikola (Vaults:2)
  Xtahua (Vaults:2)
  A bone dragon (Crypt:3)
  A Brimstone Fiend (Depths:5)
  A shard shrike zombie (Crypt:2)
  3 electric golems (Zot:5)
  Jorgrun (Elf:3)
  14 tentacled monstrosities
  6 liches
  A shard shrike skeleton (Crypt:1)
  Asterion (Vaults:3)
  4 deep elf blademasters
  2 deep elf master archers (Elf:3)
  An Executioner (D:14)
  26 Orb Guardians
  7 titans
  2 acid blobs (Zig:6)
  2 sphinxes
  9 death cobs
  6 tengu reavers
  3 ancient champions
  Agnes (Snake:4)
  3 thorn hunters
  Kirke (Snake:4)
  6 shadow dragons
  A storm dragon (shapeshifter) (Vaults:5)
  9 storm dragons
  6 draconian monks
  14 greater nagas
  An azure jelly (Zig:6)
  A revenant (Crypt:1)
  Wiglaf (Snake:4)
  Donald (Swamp:3)
  8 fire giants
  Maud (Lair:4)
  4 draconian knights
  10 deep elf sorcerers
  6 draconian scorchers
  4 ghost moths
  9 frost giants
  2 draconian zealots
  Aizul (Snake:4)
  An iron dragon (Vaults:5)
  Louise (Swamp:3)
  3 orc warlords
  A draconian shifter (Zot:1)
  3 curse skulls
  An emperor scorpion (Zig:5)
  A caustic shrike zombie (Depths:3)
  20 vault wardens
  16 ghouls
  22 ironheart preservers
  A balrug (Depths:3)
  3 spriggan defenders
  3 war gargoyles
  2 draconian annihilators
  A reaper (Crypt:2)
  30 stone giants
  8 very ugly things
  11 vampire knights
  A draconian caller (Zot:4)
  9 green draconians
  A salamander stormcaller (Vaults:4)
  2 bennus (Zig:4)
  8 deep elf demonologists
  15 black draconians
  6 mottled draconians
  11 deep elf annihilators
  6 purple draconians
  4 white draconians
  16 red draconians
  6 yellow draconians
  A large abomination (Elf:3)
  9 eidola
  Snorg (Lair:7)
  A mummy priest (Crypt:3)
  12 deep elf death magi
  2 deep elf high priests
  30 ettins
  6 jiangshi
  38 vault guards
  A quicksilver dragon zombie (Crypt:3)
  21 yaktaur captains
  A crystal guardian (Vaults:2)
  Josephine (D:14)
  4 entropy weavers
  17 fire dragons
  9 great orbs of eyes
  20 naga warriors
  4 catoblepae
  3 spriggan air magi
  10 ice dragons
  A ghost crab (Swamp:1)
  19 hydras
  6 death knights
  10 centaur warriors
  10 anacondas
  5 rakshasas
  20 ogre magi
  An anaconda (shapeshifter) (Vaults:5)
  13 dancing weapons (Elf:2)
  11 alligators
  A satyr (shapeshifter) (Depths:4)
  6 tengu warriors
  9 deep troll shamans
  3 orc high priests (Orc:4)
  8 death yaks
  5 naga sharpshooters
  6 deep troll earth magi
  6 shock serpents
  3 small abominations
  A thrashing horror (Zig:2)
  A titan zombie (Depths:3)
  Urug (D:14)
  6 spriggan berserkers
  6 vampire magi
  2 soul eaters
  Sonja (Lair:4)
  Nergalle (D:11)
  An iron troll (Depths:2)
  A shock serpent (shapeshifter) (Depths:4)
  5 hell knights (Vaults:2)
  4 salamander mystics
  An unseen horror (shapeshifter) (Vaults:5)
  24 deep elf knights
  43 skeletal warriors
  A storm dragon skeleton (Vaults:3)
  A fire crab (Vaults:1)
  An ice devil (Depths:3)
  10 giant orange brains
  A golden dragon zombie (Crypt:3)
  2 shadow wraiths
  4 spriggan druids
  11 naga ritualists
  2 unseen horrors (D:15)
  11 swamp dragons
  A sea snake (Snake:1)
  An anubis guard (shapeshifter) (Depths:4)
  A hill giant (shapeshifter) (Depths:1)
  A sea snake (shapeshifter) (Depths:3)
  2 shadow dragon zombies
  A shambling mangrove (Swamp:4)
  20 deep elf summoners
  A torturous demonspawn (D:14)
  14 ironbrand convokers
  34 deep trolls
  An obsidian statue (Vaults:1)
  An orange crystal statue (Zig:2)
  2 anubis guards (Zig:4)
  22 phantasmal warriors
  9 hill giants
  An oklob plant (Lair:5)
  7 flayed ghosts
  12 griffons
  3 wolf spider zombies
  4 iron dragon zombies (Crypt:3)
  An orb spider (Zig:5)
  A frost giant zombie (Crypt:3)
  26 deep elf conjurers
  18 salamanders
  4 wizards
  4 hornets
  5 cyclopes
  4 manticores
  A stone giant zombie (Vaults:1)
  11 orc knights
  30 ugly things
  7 necromancers
  18 mana vipers
  6 wolf spiders
  2 octopodes (shapeshifter)
  A shining eye (shapeshifter) (Vaults:5)
  5 orc sorcerers
  18 elephants
  51 black mambas
  18 moths of wrath
  2 rust devils
  A titan simulacrum (Depths:3)
  A stone giant skeleton (Vaults:5)
  A moth of wrath (shapeshifter) (Vaults:5)
  12 guardian serpents
  A frost giant skeleton (Vaults:3)
  An apocalypse crab (Zig:2)
  17 naga magi
  An ice statue (D:13)
  4 smoke demons
  17 vault sentinels
  5 gargoyles
  The ghost of pedritolo the Jinx, a novice SpEn of Dithmenos (D:12)
  5 orange demons (D:12)
  12 komodo dragons
  A spriggan zombie (Depths:3)
  75 yaktaurs
  3 molten gargoyles (Elf:1)
  An elf zombie (Vaults:5)
  An iron troll zombie (Crypt:2)
  37 spiny frogs
  2 elves (Depths:3)
  6 tengu conjurers
  A komodo dragon (shapeshifter) (Elf:3)
  2 hellwings
  A yaktaur (shapeshifter) (Vaults:2)
  6 fire drakes
  A kobold demonologist (Vaults:3)
  2 efreet
  2 minotaur zombies (Crypt:2)
  A fire drake (shapeshifter) (Depths:4)
  23 deep elf priests
  2 hydra zombies
  3 jumping spiders
  15 freezing wraiths
  A queen bee (shapeshifter) (Vaults:1)
  A blue devil (Depths:5)
  5 trolls
  3 wind drakes (Elf:1)
  A blink frog (shapeshifter) (Depths:4)
  2 red devils
  A harpy skeleton (Crypt:2)
  A hydra skeleton (Crypt:1)
  The ghost of pedritolo the Jinx, a novice SpEn of Dithmenos (D:11)
  A boulder beetle (shapeshifter) (Depths:5)
  10 giant leeches
  5 boulder beetles
  Prince Ribbit (D:6)
  17 bog bodies
  27 two-headed ogres
  21 blink frogs
  39 slime creatures
  An alligator zombie (Crypt:3)
  A two-headed ogre (shapeshifter) (Vaults:3)
  A flying skull (Zig:4)
  A hornet zombie (D:14)
  4 wyverns
  3 ushabtiu
  3 air elementals (Elf:1)
  A wolf spider simulacrum (D:14)
  18 wraiths
  2 ice dragon zombies (Crypt:3)
  22 redbacks
  A shadow (Vaults:1)
  4 water elementals
  3 vampires
  A trapdoor spider (Zig:3)
  37 yaks
  A black mamba zombie (Crypt:3)
  A ynoxinul (Depths:5)
  A hog (shapeshifter) (D:13)
  An orc simulacrum (Vaults:1)
  13 spriggans
  4 hungry ghosts
  A basilisk (shapeshifter) (Vaults:1)
  42 deep elf magi
  A chaos spawn (Depths:3)
  3 tarantellas
  5 basilisks
  A golden eye (shapeshifter) (Depths:3)
  A hog (Snake:4)
  A human (Depths:3)
  32 vampire mosquitoes
  12 hippogriffs
  A hippogriff (shapeshifter) (Depths:4)
  3 fire elementals (Elf:1)
  11 wargs
  45 deep elf fighters
  4 mottled dragons
  A wind drake skeleton (Crypt:1)
  29 swamp worms
  44 nagas
  4 insubstantial wisps
  A water moccasin (shapeshifter) (Vaults:3)
  16 water moccasins
  40 orc warriors
  A spiny frog zombie (Crypt:3)
  7 ice beasts
  6 slaves (Depths:3)
  A deep troll skeleton (Crypt:2)
  18 wolves
  10 porcupines
  A monstrous demonspawn skeleton (Crypt:2)
  2 human zombies
  12 swamp drakes
  4 phantoms
  A black bear (shapeshifter) (Vaults:4)
  3 black bears
  2 spiders
  16 necrophages
  An eye of draining (shapeshifter) (Elf:2)
  84 ogres
  3 sky beasts
  13 boggarts
  17 wasps
  2 human skeletons
  32 centaurs
  10 crocodiles
  3 big kobolds
  28 giant frogs
  5 earth elementals (Elf:1)
  A yaktaur skeleton (Crypt:1)
  9 wyvern skeletons
  A water moccasin skeleton (D:6)
  13 scorpions
  8 wights
  2 human simulacra
  22 killer bees
  7 electric eels
  5 centaur zombies
  9 crimson imps
  A quasit (D:11)
  9 hounds
  25 orc priests
  14 jellies
  24 orc wizards
  13 centaur skeletons
  2 giant frog skeletons
  14 worker ants
  14 iguanas
  A worker ant (shapeshifter) (Vaults:5)
  A porcupine zombie (Crypt:1)
  18 sheep
  A mottled dragon zombie (Crypt:2)
  2 spectral hounds (Depths:3)
  A brain worm zombie (Crypt:2)
  A hound skeleton (D:5)
  A hound zombie (D:7)
  5 mummies
  3 worker ant zombies
  8 gnolls
  17 adders
  97 river rats
  2 shadow imps
  2 oozes (Lair:8)
  A white imp (Depths:5)
  An adder zombie (D:9)
  A sheep zombie (Crypt:1)
  5 worms
  3 giant geckos
  183 orcs
  5 ball pythons
  11 bats
  16 goblins
  8 hobgoblins
  2 quokkas
  7 giant cockroaches
  A giant gecko skeleton (D:4)
  6 giant newts
  18 jackals
  A jackal skeleton (D:4)
  A jackal zombie (D:8)
  41 kobolds
  A quokka skeleton (D:3)
  A quokka zombie (D:9)
  10 rats
  A crawling corpse (Elf:1)
  A fire vortex (Elf:1)
  A fungus (Lair:8)
  8 plants
3075 creatures vanquished.

Vanquished Creatures (others)
  A pandemonium lord (Depths:5)
  An eldritch tentacle (Vaults:5)
  An unseen horror (D:13)
  An ironbrand convoker (Vaults:2)
  A moth of wrath (Zot:5)
  A two-headed ogre (Vaults:5)
  A jumping spider (shapeshifter) (Depths:2)
  An ushabti (Crypt:3)
  A redback (Depths:2)
  3 humans (Snake:4)
  A hog (shapeshifter) (Vaults:5)
  3 deep elf magi
  3 deep elf fighters
  A vampire mosquito (Lair:8)
  A swamp worm (Swamp:1)
  An ogre (Depths:2)
  An orc wizard (D:7)
  A bush (Swamp:4)
  134 eldritch tentacle segments (Vaults:5)
  3 fire vortices
  47 fungi
  10 lost souls
  22 plants
240 creatures vanquished.

Grand Total: 3315 creatures vanquished

Notes
Turn   | Place    | Note
--------------------------------------------------------------
     0 | D:1      | jazmu the Gargoyle Artificer began the quest for the Orb.
     0 | D:1      | Reached XP level 1. HP: 12/12 MP: 2/2
   328 | D:1      | Reached XP level 2. HP: 17/17 MP: 4/4
   611 | D:1      | Reached skill level 1 in Maces & Flails
   679 | D:1      | Reached skill level 1 in Shields
   863 | D:1      | Reached XP level 3. HP: 16/21 MP: 5/5
  1293 | D:2      | Reached skill level 2 in Shields
  1497 | D:2      | Reached XP level 4. HP: 12/26 MP: 6/6
  1743 | D:1      | Reached skill level 2 in Maces & Flails
  2032 | D:2      | Reached skill level 3 in Shields
  2046 | D:2      | Reached XP level 5. HP: 23/30 MP: 7/7
  2487 | D:2      | Reached skill level 3 in Maces & Flails
  2723 | D:3      | Noticed a sky beast
  2997 | D:3      | HP: 7/30 [gnoll/halberd (4)]
  3406 | D:3      | Reached skill level 4 in Shields
  3406 | D:3      | Reached XP level 6. HP: 33/35 MP: 8/8
  4009 | D:4      | Reached skill level 4 in Maces & Flails
  4319 | D:4      | Found a staircase to the Ecumenical Temple.
  4340 | D:4      | Noticed jazmu's ghost (amateur GrSk)
  4353 | Temple   | Entered the Ecumenical Temple
  4385 | Temple   | Became a worshipper of Warmaster Okawaru
  5590 | D:4      | Reached skill level 5 in Shields
  5822 | D:5      | Entered Level 5 of the Dungeon
  5828 | D:5      | Reached XP level 7. HP: 39/39 MP: 9/9
  6053 | D:5      | Reached skill level 5 in Maces & Flails
  6448 | D:5      | Reached * piety under Okawaru
  6489 | D:5      | Reached skill level 6 in Maces & Flails
  6661 | D:5      | Reached XP level 8. HP: 42/44 MP: 8/10
  6864 | D:6      | Noticed Prince Ribbit
  6938 | D:6      | Reached skill level 7 in Maces & Flails
  6976 | D:6      | Reached skill level 2 in Fighting
  7046 | D:6      | Reached skill level 3 in Fighting
  7066 | D:6      | Reached ** piety under Okawaru
  7066 | D:6      | Reached skill level 4 in Fighting
  7423 | D:5      | Reached skill level 1 in Invocations
  7505 | D:6      | Reached skill level 2 in Invocations
  7652 | D:6      | Found Orreack's Gadget Boutique.
  7743 | D:6      | Found a burning altar of Makhleb.
  7744 | D:6      | Found a radiant altar of Vehumet.
  7791 | D:6      | Found a sparkling altar of Nemelex Xobeh.
  7829 | D:6      | Killed Prince Ribbit
  7829 | D:6      | Reached skill level 4 in Invocations
  7885 | D:6      | Found a white marble altar of Elyvilon.
  8200 | D:5      | Reached skill level 5 in Invocations
  8244 | D:6      | Reached skill level 5 in Fighting
  8244 | D:6      | Reached XP level 9. HP: 41/54 MP: 7/12
  8352 | D:7      | Reached skill level 6 in Fighting
  8621 | D:7      | Reached skill level 7 in Fighting
  8788 | D:7      | Found a bloodstained altar of Trog.
  8941 | D:7      | Reached *** piety under Okawaru
  9270 | D:7      | Reached skill level 8 in Fighting
  9477 | D:7      | Reached skill level 9 in Fighting
  9965 | D:7      | Reached skill level 10 in Fighting
  9965 | D:7      | Reached XP level 10. HP: 63/68 MP: 11/13
 10422 | D:8      | Found a staircase to the Lair.
 10498 | D:8      | Reached skill level 1 in Armour
 10673 | D:8      | Reached skill level 2 in Armour
 10872 | D:8      | Reached skill level 3 in Armour
 10914 | D:9      | Reached **** piety under Okawaru
 10967 | D:9      | Found a flagged portal.
 10983 | Bailey   | Entered a bailey
 10991 | Bailey   | Noticed an orc knight
 11000 | Bailey   | Noticed an orc knight
 11388 | Bailey   | Reached skill level 8 in Maces & Flails
 11429 | Bailey   | Killed an orc knight
 11429 | Bailey   | Reached skill level 4 in Armour
 11452 | Bailey   | Killed an orc knight
 11452 | Bailey   | Reached skill level 5 in Armour
 11984 | D:9      | Found a shadowy altar of Dithmenos.
 12020 | D:9      | Found an opulent altar of Gozag.
 12286 | D:9      | Reached skill level 9 in Maces & Flails
 12586 | D:10     | Entered Level 10 of the Dungeon
 12698 | D:10     | Reached skill level 6 in Armour
 13522 | D:11     | Reached XP level 11. HP: 70/72 MP: 11/14
 13548 | D:11     | Reached ***** piety under Okawaru
 13548 | D:11     | Reached skill level 7 in Armour
 13591 | D:11     | Noticed pedritolo's ghost (novice SpEn)
 13594 | D:11     | Noticed a cyclops
 13628 | D:11     | Found a staircase to the Orcish Mines.
 14002 | D:8      | Found a stormy altar of Qazlal.
 14002 | D:8      | Found a sacrificial altar of Ru.
 14003 | D:8      | Found a blossoming altar of Fedhas.
 14121 | D:8      | Reached skill level 10 in Maces & Flails
 14503 | D:7      | Reached skill level 8 in Armour
 15160 | Lair:1   | Entered Level 1 of the Lair of Beasts
 15372 | Lair:1   | Received a gift from Okawaru
 15721 | Lair:1   | Reached skill level 9 in Armour
 16596 | Lair:1   | Reached skill level 11 in Maces & Flails
 17036 | Lair:2   | HP: 17/72 [griffon (7)]
 17047 | Lair:1   | Reached skill level 10 in Armour
 17477 | Lair:2   | Reached XP level 12. HP: 65/77 MP: 12/15
 17880 | Lair:2   | Found a radiant altar of Vehumet.
 18586 | Lair:3   | Reached skill level 11 in Armour
 18667 | Lair:3   | Reached skill level 12 in Maces & Flails
 18904 | Lair:3   | Found a staircase to the Swamp.
 19616 | Lair:4   | Noticed Maud
 19749 | Lair:4   | Received a gift from Okawaru
 19781 | Lair:4   | Noticed a catoblepas
 19877 | Lair:4   | Killed a catoblepas
 19897 | Lair:4   | Noticed a death yak
 19897 | Lair:4   | Noticed a death yak
 19897 | Lair:4   | Noticed a death yak
 19897 | Lair:4   | Noticed a death yak
 19898 | Lair:4   | Noticed a death yak
 20337 | Lair:3   | Reached skill level 12 in Armour
 20560 | Lair:4   | Noticed Sonja
 20679 | Lair:4   | Noticed a seven-headed hydra
 20705 | Lair:3   | Killed a seven-headed hydra
 20768 | Lair:4   | Killed Maud
 20768 | Lair:4   | Reached skill level 13 in Maces & Flails
 20948 | Lair:4   | Killed Sonja
 21075 | Lair:4   | Reached XP level 13. HP: 67/82 MP: 13/16
 21446 | Lair:4   | Killed a death yak
 21446 | Lair:4   | Reached skill level 13 in Armour
 21505 | Lair:3   | Killed a death yak
 21688 | Lair:3   | Killed a death yak
 22019 | Lair:3   | Killed a death yak
 22043 | Lair:3   | Killed a death yak
 22538 | Lair:5   | Received a gift from Okawaru
 22551 | Lair:5   | Reached skill level 14 in Maces & Flails
 23342 | Lair:4   | Reached skill level 14 in Armour
 23355 | Lair:4   | Reached ****** piety under Okawaru
 23355 | Lair:4   | Received a gift from Okawaru
 24641 | Lair:6   | Gained mutation: Your large and strong wings let you fly indefinitely. [Gargoyle growth]
 24641 | Lair:6   | Reached XP level 14. HP: 59/88 MP: 11/17
 24845 | Lair:6   | Received a gift from Okawaru
 24900 | Lair:6   | Identified a +1 pair of boots of running (Okawaru gifted it to you on level 6 of the Lair of Beasts)
 25149 | Lair:6   | Found a staircase to the Snake Pit.
 25165 | Lair:6   | Got a bound granite ring
 25166 | Lair:6   | Identified the ring of the Duchess {rF+ MR+ Dex-5 Stlth+} (You found it on level 6 of the Lair of Beasts)
 25413 | Lair:6   | Reached skill level 11 in Fighting
 26164 | Lair:7   | Noticed Snorg
 26175 | Lair:7   | Killed Snorg
 26200 | Lair:7   | Reached skill level 12 in Fighting
 26841 | Lair:7   | Got a scorched hunting sling
 27035 | Lair:8   | Entered Level 8 of the Lair of Beasts
 27279 | Lair:8   | Reached skill level 13 in Fighting
 27692 | Lair:8   | Reached skill level 15 in Maces & Flails
 27749 | Lair:8   | Found a staircase to the Slime Pits.
 27827 | Lair:8   | Received a gift from Okawaru
 27830 | Lair:8   | Got a pair of slimy gloves {god gift}
 27842 | Lair:8   | Identified the +2 pair of gloves "Ahe Ung" {Dex-3 Slay+5} (Okawaru gifted it to you on level 8 of the Lair of Beasts)
 28522 | Lair:8   | Reached XP level 15. HP: 89/99 MP: 14/18
 28997 | Lair:5   | Reached skill level 16 in Maces & Flails
 29224 | D:11     | Found Ciuptirr's Food Shoppe.
 29230 | D:11     | Killed pedritolo's ghost
 29403 | D:11     | Noticed Nergalle
 29419 | D:11     | Killed Nergalle
 29523 | D:11     | Noticed a hill giant
 29545 | D:11     | Killed a hill giant
 30054 | D:12     | Noticed pedritolo's ghost (novice SpEn)
 30062 | D:12     | Killed pedritolo's ghost
 30281 | D:12     | You are sucked into a shaft for 3 floors!
 30281 | D:15     | Entered Level 15 of the Dungeon
 30430 | D:15     | Found a staircase to the Depths.
 30812 | D:15     | Received a gift from Okawaru
 30868 | D:15     | Reached skill level 17 in Maces & Flails
 31624 | D:14     | Noticed Urug
 31641 | D:14     | Killed Urug
 32840 | Orc:1    | Entered Level 1 of the Orcish Mines
 33031 | Orc:2    | Found Punweobb's Gadget Emporium.
 33104 | Orc:2    | Reached skill level 18 in Maces & Flails
 34208 | Orc:3    | Found a staircase to the Elven Halls.
 34291 | Orc:2    | HP: 24/99 [orc warrior/hand axe (6)]
 35443 | Orc:4    | Entered Level 4 of the Orcish Mines
 35794 | Orc:3    | Received a gift from Okawaru
 35794 | Orc:3    | Reached skill level 14 in Fighting
 36034 | Orc:4    | Reached XP level 16. HP: 101/107 MP: 17/19
 36083 | Orc:4    | Received a gift from Okawaru
 36265 | Orc:3    | Reached skill level 15 in Fighting
 36520 | Orc:4    | Found Keejujug's Food Shoppe.
 36520 | Orc:4    | Found Rotuen's Antique Armour Shop.
 36524 | Orc:4    | Found Otseurul's Food Shoppe.
 36524 | Orc:4    | Found Nuppu's Armour Shop.
 36614 | Orc:4    | Bought the +5 scale mail of Zeosk {rC++ MP-9 Stlth+} for 731 gold pieces
 36628 | Orc:4    | Bought a slimy plate armour for 784 gold pieces
 36638 | Orc:4    | Identified the +7 plate armour of Isokhluh {rElec} (You bought it in a shop on level 4 of the Orcish Mines)
 37203 | D:13     | Reached skill level 16 in Fighting
 37602 | D:13     | Found a gate to the Vaults.
 37690 | D:13     | Reached skill level 17 in Fighting
 38203 | D:14     | Noticed Josephine
 38270 | D:14     | Killed Josephine
 38459 | D:14     | Reached skill level 18 in Fighting
 39305 | D:15     | Identified a scroll of acquirement
 39310 | D:15     | Got a crude cloak
 39321 | D:15     | Identified the +0 cloak of Decompression {Dex+3} (You acquired it on level 15 of the Dungeon)
 39552 | Swamp:1  | Entered Level 1 of the Swamp
 39621 | Swamp:1  | Received a gift from Okawaru
 40361 | Swamp:1  | Reached skill level 19 in Fighting
 41550 | Swamp:2  | Noticed a thorn hunter
 41559 | Swamp:2  | Killed a thorn hunter
 41559 | Swamp:2  | Reached XP level 17. HP: 54/122 MP: 4/20
 41767 | Swamp:2  | Received a gift from Okawaru
 42337 | Swamp:3  | Noticed Donald
 42352 | Swamp:3  | Killed Donald
 42546 | Swamp:3  | Noticed Louise
 42908 | Swamp:3  | Reached skill level 19 in Maces & Flails
 43019 | Swamp:3  | Killed Louise
 43590 | Swamp:4  | Entered Level 4 of the Swamp
 43676 | Swamp:4  | Received a gift from Okawaru
 44675 | Swamp:4  | Noticed the 27-headed Lernaean hydra
 44719 | Swamp:4  | Reached skill level 20 in Maces & Flails
 45004 | Swamp:4  | Killed the 27-headed Lernaean hydra
 45004 | Swamp:4  | Received a gift from Okawaru
 45007 | Swamp:4  | Got a translucent cloak {god gift}
 45018 | Swamp:4  | Identified the +0 cloak of Broken Taboos {rPois rF+ SInv} (Okawaru gifted it to you on level 4 of the Swamp)
 45087 | Swamp:4  | Got a dazzling leather armour
 45114 | Swamp:4  | Got a decaying rune of Zot
 45695 | Swamp:4  | Got a bloodstained leather armour
 45965 | Lair:1   | Identified the +0 leather armour of Enaseph {rN+ Int+3 Slay-3} (You found it on level 4 of the Swamp)
 45975 | Lair:1   | Identified the cursed +0 leather armour of the Vacuum {Dex+3} (You found it on level 4 of the Swamp)
 46130 | Snake:1  | Entered Level 1 of the Snake Pit
 46413 | Snake:1  | Reached XP level 18. HP: 116/128 MP: 0/21
 46636 | Snake:1  | Found Mackenn's Gadget Shop.
 46802 | Snake:1  | Reached skill level 21 in Maces & Flails
 46880 | Snake:1  | Found Vitreatu's Distillery.
 46900 | Snake:1  | HP: 32/128 [anaconda (7)]
 47354 | Snake:1  | Found Guywis's Magic Scroll Shoppe.
 47362 | Snake:1  | Bought a scroll of identify for 32 gold pieces
 47362 | Snake:1  | Bought a scroll of identify for 32 gold pieces
 47362 | Snake:1  | Bought a scroll of remove curse for 48 gold pieces
 47362 | Snake:1  | Bought a scroll of identify for 32 gold pieces
 47362 | Snake:1  | Bought a scroll of enchant weapon for 120 gold pieces
 47362 | Snake:1  | Bought a scroll of identify for 32 gold pieces
 47399 | Snake:1  | Bought a potion of heal wounds for 80 gold pieces
 47948 | Snake:2  | Received a gift from Okawaru
 48285 | Snake:3  | Found Ukiusm Moela's Book Shoppe.
 48776 | Snake:3  | Reached skill level 22 in Maces & Flails
 49570 | Snake:3  | Received a gift from Okawaru
 49670 | Snake:3  | Reached skill level 15 in Armour
 49748 | Snake:4  | Entered Level 4 of the Snake Pit
 50116 | Snake:4  | Noticed Wiglaf
 50146 | Snake:4  | Killed Wiglaf
 50146 | Snake:4  | Reached XP level 19. HP: 77/133 MP: 7/22
 50561 | Snake:4  | Reached skill level 16 in Armour
 50838 | Snake:4  | Noticed Kirke
 50860 | Snake:4  | Killed Kirke
 51195 | Snake:4  | Received a gift from Okawaru
 51195 | Snake:4  | Reached skill level 3 in Evocations
 51274 | Snake:4  | Noticed Agnes
 51284 | Snake:4  | Killed Agnes
 51284 | Snake:4  | Reached skill level 4 in Evocations
 51661 | Snake:4  | Reached skill level 5 in Evocations
 51755 | Snake:4  | Noticed Aizul
 51769 | Snake:4  | Killed Aizul
 51912 | Snake:4  | Reached skill level 6 in Evocations
 52166 | Snake:4  | HP: 27/133 [greater naga/spear (10)]
 52171 | Snake:4  | HP: 33/133 [greater naga/spear (1)]
 52509 | Snake:4  | Reached skill level 7 in Evocations
 52852 | Snake:4  | Got a serpentine rune of Zot
 53091 | Snake:4  | Reached skill level 8 in Evocations
 53741 | Vaults:1 | Entered Level 1 of the Vaults
 53746 | Vaults:1 | Found Bara Mokenu's Gadget Boutique.
 53746 | Vaults:1 | Found Kyez's Armour Shoppe.
 54030 | Vaults:1 | Reached skill level 17 in Armour
 54500 | Vaults:1 | Received a gift from Okawaru
 54615 | Vaults:1 | Found Niegres's Antique Armour Boutique.
 54626 | Vaults:1 | Reached XP level 20. HP: 135/140 MP: 17/26
 54769 | Vaults:1 | Bought a spiked ring mail for 252 gold pieces
 54779 | Vaults:1 | Identified the +7 ring mail "Zinlitio" {-Cast rC++ Str+6} (You bought it in a shop on level 1 of the Vaults)
 54909 | Vaults:1 | HP: 34/140 [yaktaur/bolt[a vault warden] (7)]
 55235 | Vaults:1 | Reached skill level 18 in Armour
 55412 | Vaults:1 | Found Plog's Assorted Antiques.
 55489 | Vaults:1 | Bought a scroll of enchant armour for 202 gold pieces
 55942 | Vaults:1 | Got a crude chain mail
 56857 | Vaults:2 | Noticed Frederick
 56877 | Vaults:2 | Reached skill level 19 in Armour
 56901 | Vaults:2 | Received a gift from Okawaru
 56920 | Vaults:2 | Noticed Nikola
 56965 | Vaults:2 | HP: 30/140 [Frederick/orb of energy (38)]
 57242 | Vaults:1 | Killed Frederick
 57318 | Vaults:2 | Killed Nikola
 57480 | Vaults:2 | Noticed Xtahua
 57513 | Vaults:2 | Killed Xtahua
 58007 | Vaults:2 | Reached skill level 20 in Armour
 58102 | Vaults:2 | Received a gift from Okawaru
 58126 | Vaults:2 | Got a fine great mace {god gift}
 58128 | Vaults:2 | Identified the +7 great mace "Idohejau" {crush, Dex+4 Stlth+} (Okawaru gifted it to you on level 2 of the Vaults)
 58628 | Vaults:2 | Noticed Mennas
 58860 | Vaults:2 | Killed Mennas
 58860 | Vaults:2 | Reached XP level 21. HP: 118/144 MP: 19/27
 59088 | Vaults:2 | Found Utti's Assorted Antiques.
 59098 | Vaults:2 | Bought a scroll of identify for 58 gold pieces
 59098 | Vaults:2 | Bought a scroll of identify for 58 gold pieces
 59159 | Vaults:2 | Noticed Margery
 59184 | Vaults:2 | Received a gift from Okawaru
 59211 | Vaults:2 | Killed Margery
 59211 | Vaults:2 | Reached skill level 21 in Armour
 59951 | Vaults:3 | Noticed Asterion
 59975 | Vaults:3 | Killed Asterion
 59999 | Vaults:3 | Got a faintly humming shield
 60543 | Vaults:3 | Found a staircase to the Crypt.
 60621 | Vaults:3 | Reached skill level 22 in Armour
 60704 | Vaults:3 | Noticed Saint Roka
 60870 | Vaults:3 | Killed Saint Roka
 61422 | Vaults:3 | Received a gift from Okawaru
 61730 | Vaults:3 | Found Goklo's Antique Armour Boutique.
 62010 | Vaults:3 | Identified the +4 chain mail of Slovenliness {Str+2} (You found it on level 1 of the Vaults)
 62686 | Vaults:4 | Reached skill level 23 in Armour
 62698 | Vaults:4 | Received a gift from Okawaru
 63168 | Vaults:4 | Reached XP level 22. HP: 139/150 MP: 28/28
 63353 | Vaults:4 | Received a gift from Okawaru
 64347 | Depths:1 | Entered Level 1 of the Depths
 64416 | Depths:1 | Found a snail-covered altar of Cheibriados.
 64891 | Depths:1 | Found a gateway to Hell.
 65379 | Depths:1 | Reached skill level 24 in Armour
 65458 | Depths:1 | HP: 20/150 [spriggan berserker/flail[a spriggan berserker] (20)]
 65463 | Depths:1 | HP: 24/150 [yaktaur (13)]
 66118 | Depths:2 | Got a heavily jewelled robe
 66770 | Depths:2 | Found a gateway to a ziggurat.
 67029 | Depths:2 | Found Gaujaut's Gadget Shop.
 67049 | Depths:2 | Received a gift from Okawaru
 67424 | Depths:2 | Found Dothiffe's General Store.
 67435 | Depths:2 | Bought a scroll of enchant weapon for 97 gold pieces
 67435 | Depths:2 | Bought a potion of cure mutation for 455 gold pieces
 67512 | Depths:2 | Found a one-way gate to the infinite horrors of the Abyss.
 67670 | Depths:2 | Reached skill level 25 in Armour
 67878 | Depths:3 | Found a one-way gate leading to the halls of Pandemonium.
 68095 | Depths:3 | Reached skill level 20 in Fighting
 68256 | Depths:3 | Received a gift from Okawaru
 68357 | Depths:3 | Found Vahujuom's Assorted Antiques.
 68365 | Depths:3 | Bought a scroll of identify for 84 gold pieces
 68365 | Depths:3 | Bought 3 scrolls of enchant armour for 945 gold pieces
 68438 | Depths:3 | HP: 33/153 [stone giant (23)]
 68442 | Depths:3 | Reached XP level 23. HP: 30/158 MP: 29/29
 70089 | Depths:3 | Reached skill level 21 in Fighting
 70092 | Depths:3 | Found a deep blue altar of Sif Muna.
 70658 | Depths:3 | Found Onuilec's Slaves and Accessories.
 70718 | Depths:3 | Found The Legendary Fuirph's Legendary Smithy.
 70923 | Depths:3 | Found Jack's Jerk-a-riffic Jerky.
 70927 | Depths:3 | Received a gift from Okawaru
 70940 | Depths:3 | Got a blackened buckler {god gift}
 70980 | Depths:3 | Found Figu's Miraculous Elixirs.
 71378 | Depths:4 | Reached skill level 22 in Fighting
 72366 | Depths:4 | Noticed a juggernaut
 72383 | Depths:4 | Killed a juggernaut
 72408 | Depths:4 | Reached skill level 23 in Fighting
 72845 | Depths:4 | Received a gift from Okawaru
 72848 | Depths:4 | Got an ichor-stained shield {god gift}
 73172 | Depths:4 | Reached XP level 24. HP: 146/171 MP: 29/29
 73820 | Elf:1    | Entered Level 1 of the Elven Halls
 73939 | Elf:1    | Got a translucent helmet
 73950 | Elf:1    | Identified the +0 helmet of Beauty {rPois rF- rN+} (You found it on level 1 of the Elven Halls)
 74583 | Elf:1    | Identified the Grimoire of the Blaze and Battle Magic
 74587 | Elf:1    | Identified the Reference Book on Stones and Transmutation
 74750 | Elf:1    | Reached skill level 24 in Fighting
 74976 | Elf:1    | Found a portal to a secret trove of treasure.
 75461 | Elf:1    | Identified the Guide on Conjuration
 75749 | Elf:2    | Found a huge runed gate.
 75749 | Elf:2    | Found a huge runed gate.
 75749 | Elf:2    | Found a huge runed gate.
 75750 | Elf:2    | Found a huge runed gate.
 75755 | Elf:2    | Found a huge runed gate.
 76580 | Elf:2    | Reached skill level 25 in Fighting
 76728 | Elf:3    | Entered Level 3 of the Elven Halls
 76845 | Elf:3    | Received a gift from Okawaru
 76856 | Elf:3    | Noticed Jorgrun
 76882 | Elf:3    | Killed Jorgrun
 77151 | Elf:3    | Noticed Mara
 77174 | Elf:3    | Killed Mara
 77184 | Elf:3    | HP: 24/176 [deep elf annihilator/crystal spear (60)]
 77872 | Elf:3    | Got a polished falchion {drain}
 78114 | Elf:3    | Reached XP level 25. HP: 168/183 MP: 29/29
 78209 | Elf:3    | Reached skill level 26 in Fighting
 78225 | Elf:3    | Got a twisted flail {speed}
 78389 | Elf:3    | Got a fine jade ring
 78390 | Elf:3    | Identified the ring of the Exiled Runes {+/*Tele rN++ MR- Int+3 Slay+2} (You took it off a deep elf priest on level 3 of the Elven Halls)
 78399 | Elf:3    | Got a shimmering lapis lazuli ring
 78400 | Elf:3    | Identified the ring of Coam {+Inv rElec rF+ Str+4} (You took it off a deep elf fighter on level 3 of the Elven Halls)
 78770 | Crypt:1  | Entered Level 1 of the Crypt
 78921 | Crypt:1  | Received a gift from Okawaru
 79433 | Crypt:1  | Got an encrusted plate armour {god gift}
 80053 | Crypt:2  | Noticed Boris
 80081 | Crypt:2  | Killed Boris
 80081 | Crypt:2  | Reached skill level 27 in Fighting
 80136 | Crypt:2  | Noticed a greater mummy
 80152 | Crypt:2  | Killed a greater mummy
 80160 | Crypt:2  | Noticed Khufu
 80527 | Crypt:2  | Killed Khufu
 80538 | Crypt:2  | Noticed a greater mummy
 80549 | Crypt:2  | Killed a greater mummy
 80822 | Crypt:2  | Received a gift from Okawaru
 80827 | Crypt:2  | Got a steaming buckler {god gift}
 81384 | Crypt:3  | Entered Level 3 of the Crypt
 81552 | Crypt:3  | Reached skill level 26 in Armour
 81576 | Crypt:3  | Identified the Almanac of Sinister Secrets
 81585 | Crypt:3  | Identified Utsyt's Witchery, Part One
 81835 | Crypt:3  | Reached XP level 26. HP: 180/193 MP: 29/29
 82463 | Crypt:3  | Found a staircase to the Tomb.
 82764 | Crypt:3  | Found a basalt altar of Yredelemnul.
 83167 | Crypt:3  | Reached skill level 27 in Armour
 83186 | Crypt:3  | Received a gift from Okawaru
 84132 | Vaults:5 | Entered Level 5 of the Vaults
 84562 | Vaults:5 | Reached skill level 23 in Maces & Flails
 84668 | Vaults:5 | Noticed an ancient lich
 84684 | Vaults:5 | Noticed an ancient lich
 84695 | Vaults:5 | Killed an ancient lich
 84710 | Vaults:5 | Killed an ancient lich
 84888 | Vaults:5 | Received a gift from Okawaru
 84991 | Vaults:5 | HP: 24/193 [tengu reaver/bolt of magma (38)]
 85003 | Vaults:5 | Reached XP level 27. HP: 76/199 MP: 29/29
 85010 | Vaults:5 | Reached skill level 24 in Maces & Flails
 85619 | Vaults:5 | Received a gift from Okawaru
 85910 | Vaults:5 | Got a steaming hat {god gift}
 86069 | Vaults:5 | Reached skill level 25 in Maces & Flails
 87343 | Vaults:5 | Identified the +2 hat of the Ditch-Digger {Str+2} (Okawaru gifted it to you on level 5 of the Vaults)
 87894 | Zig:1    | Entered Level 1 of a ziggurat
 87912 | Zig:2    | Entered Level 2 of a ziggurat
 87930 | Zig:2    | Received a gift from Okawaru
 87951 | Zig:2    | Got a transparent granite ring
 87965 | Zig:2    | Identified the ring of Caxe {rElec rPois rF+ Int-2} (You found it on level 2 of a ziggurat)
 87997 | Zig:3    | Entered Level 3 of a ziggurat
 88030 | Zig:4    | Entered Level 4 of a ziggurat
 88040 | Zig:4    | Reached skill level 26 in Maces & Flails
 88125 | Zig:5    | Entered Level 5 of a ziggurat
 88162 | Zig:5    | Got a brightly glowing ivory amulet
 88185 | Zig:5    | Reached skill level 4 in Dodging
 88288 | Zig:5    | Got a jewelled chain mail
 88292 | Zig:6    | Entered Level 6 of a ziggurat
 88333 | Zig:6    | Got a brightly glowing glass ring
 88336 | Zig:6    | Identified the ring "Fungut" {EV+4 Dex+3} (You found it on level 6 of a ziggurat)
 88337 | Zig:6    | Identified the amulet of the Six Runes {-Tele +Rage rElec rPois MR+} (You found it on level 5 of a ziggurat)
 88533 | Depths:5 | Entered Level 5 of the Depths
 88688 | Depths:5 | Found Liamefun's Distillery.
 88710 | Depths:5 | Bought a potion of beneficial mutation for 630 gold pieces
 88710 | Depths:5 | Bought a potion of haste for 180 gold pieces
 88719 | Depths:5 | Gained mutation: You are resistant to hostile enchantments. [potion of beneficial mutation]
 89676 | Depths:5 | Found a gate to the Realm of Zot.
 89688 | Depths:5 | Reached skill level 27 in Maces & Flails
 89691 | Depths:5 | Reached skill level 5 in Dodging
 90692 | Vaults:5 | Got a silver rune of Zot
 91158 | Zot:1    | Entered Level 1 of the Realm of Zot
 91167 | Zot:1    | Reached skill level 6 in Dodging
 91667 | Depths:5 | Received a gift from Okawaru
 91904 | Depths:5 | Reached skill level 7 in Dodging
 92212 | Zot:1    | Reached skill level 8 in Dodging
 92564 | Zot:2    | Reached skill level 9 in Dodging
 92587 | Zot:3    | Gained mutation: Scrolls take you a little longer to read. [a neqoxec]
 93232 | Zot:4    | Reached skill level 10 in Dodging
 93394 | Zot:4    | Received a gift from Okawaru
 93588 | Zot:4    | Reached skill level 11 in Dodging
 94287 | Zot:3    | Reached skill level 12 in Dodging
 94925 | Zot:3    | Reached skill level 13 in Dodging
 94954 | Zot:4    | HP: 47/199 [acid (9)]
 95091 | Zot:4    | Noticed an orb of fire
 95099 | Zot:4    | Gained mutation: Your spells are a little easier to cast, but a little less powerful. [an orb of fire]
 95111 | Zot:4    | Killed an orb of fire
 95525 | Zot:5    | Entered Level 5 of the Realm of Zot
 95643 | Zot:5    | Reached skill level 14 in Dodging
 96056 | Zot:5    | Received a gift from Okawaru
 96210 | Zot:5    | Noticed an ancient lich
 96222 | Zot:5    | Killed an ancient lich
 96258 | Zot:5    | HP: 44/199 [Orb Guardian (13)]
 96629 | Zot:5    | Reached skill level 15 in Dodging
 96695 | Zot:5    | Noticed an orb of fire
 96719 | Zot:5    | Killed an orb of fire
 96814 | Zot:5    | Noticed an ancient lich
 96856 | Zot:5    | Killed an ancient lich
 96884 | Zot:5    | Noticed an orb of fire
 96903 | Zot:5    | Killed an orb of fire
 96905 | Zot:5    | Noticed an orb of fire
 96946 | Zot:5    | Killed an orb of fire
 96954 | Zot:5    | Reached skill level 16 in Dodging
 96965 | Zot:5    | Received a gift from Okawaru
 97366 | Zot:5    | Noticed an orb of fire
 97390 | Zot:5    | Killed an orb of fire
 97573 | Zot:5    | Noticed an ancient lich
 97611 | Zot:5    | Killed an ancient lich
 97778 | Zot:5    | Reached skill level 17 in Dodging
 98545 | Zot:5    | Got the Orb of Zot
 98638 | Zot:5    | Noticed an ancient lich
 98804 | Depths:5 | Noticed a juggernaut
 98809 | Depths:5 | Reached skill level 18 in Dodging
 98814 | Depths:5 | Killed a juggernaut
 98818 | Depths:5 | Noticed Hosseihe the pandemonium lord
 98858 | Depths:5 | Killed Hosseihe the pandemonium lord
 99259 | D:7      | Received a gift from Okawaru
 99381 | D:$      | Escaped with the Orb!

Action                   |  1- 3 |  4- 6 |  7- 9 | 10-12 | 13-15 | 16-18 | 19-21 | 22-24 | 25-27 || total
-------------------------+-------+-------+-------+-------+-------+-------+-------+-------+-------++-------
Melee: Short sword       |    24 |       |       |       |       |       |       |       |       ||    24
       Club              |   167 |    43 |       |       |       |       |       |       |       ||   210
       Dagger            |    12 |       |       |       |       |       |       |       |       ||    12
       Mace              |       |    39 |       |       |       |       |       |       |       ||    39
       Flail             |       |   246 |   464 |  1406 |   461 |       |       |       |       ||  2577
       Dire flail        |       |       |       |       |  1922 |   121 |       |       |       ||  2043
       Great mace        |       |       |       |       |       |  1691 |  1609 |  1837 |  3288 ||  8425
Throw: Tomahawk          |       |       |       |    30 |       |       |       |       |       ||    30
       Throwing net      |       |       |       |     5 |       |       |       |       |       ||     5
Invok: Heroism           |       |       |     4 |     6 |     3 |     3 |     3 |     2 |     2 ||    23
       Finesse           |       |       |       |       |       |     1 |     2 |       |     1 ||     4
 Abil: Fly               |       |       |       |       |     1 |     1 |       |       |       ||     2
Evoke: Wand              |       |       |       |       |       |       |     3 |    14 |     5 ||    22
  Use: Scroll            |     2 |     8 |     4 |     9 |    16 |    15 |     6 |    15 |    27 ||   102
       Potion            |       |       |     1 |     4 |       |     2 |     6 |     6 |    19 ||    38
 Stab: Sleeping          |     1 |     1 |     2 |     3 |     3 |     5 |     5 |     7 |       ||    27
       Confused          |       |       |       |       |       |       |       |       |     1 ||     1
  Eat: Chunk             |     2 |    12 |    11 |    31 |    47 |    28 |    29 |    31 |    15 ||   206
       Bread ration      |       |     1 |       |     1 |       |     1 |       |       |    22 ||    25
       Beef jerky        |       |       |     1 |     1 |       |     2 |       |     6 |     2 ||    12
       Royal jelly       |       |       |       |     1 |       |       |     2 |       |     1 ||     4
       Pizza             |       |       |       |     1 |       |       |     1 |       |       ||     2
       Meat ration       |       |       |       |       |     1 |     2 |     2 |       |     2 ||     7
       Fruit             |       |       |       |       |       |       |     3 |       |     7 ||    10

Vault maps used:
D:1:      dpeg_arrival_arbitrary_c, serial_bayou_pond_d
D:2:      serial_curves, eino_curves_01, eino_curves_04
D:3:      zin_treasury, first_bread
D:4:      minmay_temple_entry_glass
D:6:      grunt_temple_overflow_lords_of_destruction, kennysheep_mini,
          serial_shops, shop, nemelex_spade_bored_becter, uniq_prince_ribbit1
D:7:      nicolae_whirlpool, bloody_trog, the_bakery,
          minmay_misc_feat_diagonals, kennysheep_generic_room_10
D:8:      gammafunk_temple_overflow_forgotten, eino_jars
D:9:      grunt_dithmenos_smoke_and_mirrors, grunt_gozag_statues, enter_bailey_3
D:11:     wad_pebble_path, orc_0_dummy, serial_shops, shop, uniq_nergalle
D:12:     einodemon_barbed_minivault
D:13:     david_vaults_5, portal_ice_cave_entry_ice_statue_01
D:14:     grunt_decor_cap, nooodl_food_tri, uniq_urug, uniq_josephine
D:15:     grunt_enter_depths_snipers, hangedman_decor_points, evilmike_minifort
Temple:   nicolae_temple_no_exploring_needed
Lair:1:   grunt_megastairs_3
Lair:2:   basic_altar, hangedman_lair_unloving_vines, serial_bayou_pond_a
Lair:3:   minmay_swamp_entry_worms
Lair:4:   beast_lair_carwin_3, infiniplex_staircase_pool_2, uniq_maud,
          uniq_sonja
Lair:5:   minmay_lair_oklob_items, serial_bayou_lagoon_b, serial_bayou_shore_b
Lair:6:   minmay_snake_entry_six_corridors
Lair:7:   uniq_snorg
Lair:8:   minmay_lair_end_frog_pond, nicolae_slime_entry_slimehenge
Swamp:1:  evilmike_swamp_ruin_wall, swamp_pool1, st_swamp_mini
Swamp:2:  evilmike_swamp_ruin_house_4
Swamp:3:  evilmike_swamp_ruin_house_5, swamp_pool1, infiniplex_staircase_pool,
          uniq_donald, uniq_louise
Swamp:4:  grunt_swamp_rune_castle
Snake:1:  cheibrodos_snake_lava_hold, serial_bayou, serial_bayou_pond_e,
          serial_bayou_shore_b, serial_bayou_pond_c, serial_bayou_pond_e,
          serial_shops, shop, shop, shop_coins, special_room
Snake:3:  serial_shops, shop
Snake:4:  snake_hunt, grunt_ministairs_5, uniq_agnes, uniq_wiglaf, uniq_kirke,
          uniq_aizul
Orc:2:    serial_shops, nicolae_shop_stone, mines4_lemuel
Orc:3:    nicolae_orc_pool_cavern
Orc:4:    grunt_orc_tribal_feast
Elf:1:    mu_elemental_laboratory, trove_entry_hex_spiral, minmay_elf_sorcery,
          minivault_28
Elf:2:    serial_glass, glass_columns_a, glass_columns_a, grunt_ministairs_1,
          small_statue_intersection
Elf:3:    grunt_elf_hall_asides, st_stairs_11, uniq_mara, uniq_jorgrun
Vaults:1: hangedman_vaults_slither, nicolae_vaults_circle_grid_a, v_misc_5,
          nicolae_vaults_three_branches, hangedman_vaults_maws,
          nicolae_vaults_diagonal_hallway_7, nicolae_vaults_statue_guard,
          dpeg_vaults_monster_box, serial_shops, shop, nicolae_shop_statue_plus,
          shop, shop
Vaults:2: v_rooms_3, v_misc_32, nicolae_vaults_little_ls, v_pattern_1,
          vaults_room_guarded_vault, serial_shops, shop_statue, uniq_margery,
          uniq_frederick, uniq_mennas, uniq_xtahua, uniq_nikola
Vaults:3: minmay_crypt_entry_simple_plaza, st_cells,
          nicolae_vaults_stairing_the_circle, hangedman_vaults_hat,
          grunt_vaults_diagonal, vaults_room_door_hall, vaults_room_semicircle,
          v_misc_14, v_misc_24, ontoclasm_vaults_ring_small, v_misc_27,
          v_misc_27, serial_shops, shop, uniq_asterion, uniq_saint_roka
Vaults:4: nicolae_vaults_angled_halls, vaults_mumra_hexcomb,
          nicolae_vaults_alarming, hangedman_vaults_locks,
          hangedman_vaults_variations, hangedman_vaults_unwind,
          vaults_room_hangedman_quadrants, nicolae_vaults_little_squares_1,
          v_misc_27, vaults_dpeg_hooks
Vaults:5: serial_shops
Crypt:1:  grunt_crypt_arrival_split
Crypt:2:  hex_intersection, uniq_boris, uniq_khufu
Crypt:3:  evilmike_haunted_forest
Depths:1: nrook_mini_backslash, hell_entry, serial_sigils_hangedman_stare,
          cheibriados_altar_1
Depths:2: lemuel_ice_spiral_2, enter_ziggurat_c, pf_vacation_house_of_asmodeus,
          serial_shops, nicolae_shop_statue_plus, kennysheep_little_box,
          minmay_misc_feat_x, abyss_entry, minmay_tree_intersection, hex_tiny,
          minmay_staircase_bubble
Depths:3: grated_community_mu, serial_shops, nicolae_shop_overgrown_old_shop,
          hell_entry, rand_demon_pan_entry_3, infiniplex_staircase_pillars_2,
          serial_bayou_shore_b
Depths:4: hangedman_cross_veins, abyss_entry, hell_entry,
          serial_sigils_hangedman_clutch, kennysheep_donut,
          minmay_staircase_statues
Depths:5: grunt_zot_entry_hairpin, kennysheep_doodads, serial_shops,
          nicolae_shop_temple_entry_statues_fountains, grunt_hell_entry_dis_mu
Zot:3:    grunt_zot_stairs_faceoff, st_stairs_1, zot_minivault_1
Zig:6:    ziggurat_loot_3
Bailey:   bailey_axe_4, bailey

Table legend:
 A = Turns spent in this place as a percentage of turns spent in the entire game.
 B = Non-inter-level travel turns spent in this place as a percentage of non-inter-level travel turns spent in the entire game.
 C = Inter-level travel turns spent in this place as a percentage of turns spent in this place.
 D = Turns resting spent in this place as a percentage of non-inter-level travel turns spent in this place.
 E = Turns spent auto-exploring this place as a percentage of non-inter-level travel turns spent in this place.
 F = Non-inter-level travel turns spent in this place divided by the number of levels of this place that you've seen.
                   A       B       C       D       E      F
               +-------+-------+-------+-------+-------+----------------------
         Total | 100.0 | 100.0 |   0.6 |   1.9 |   3.6 | 593.0
       Dungeon |  19.3 |  19.2 |   1.1 |   1.4 |   5.2 | 486.3
        Temple |   0.1 |   0.1 |   0.0 |  14.3 |   0.0 |  42.0
          Lair |  13.9 |  13.9 |   0.7 |   2.2 |   3.4 | 660.1
         Swamp |   5.0 |   5.0 |   0.5 |   3.4 |   5.1 | 473.2
     Snake Pit |   8.1 |   8.1 |   0.2 |   2.1 |   2.9 | 770.2
  Orcish Mines |   4.5 |   4.4 |   0.9 |   2.1 |   4.3 | 422.0
   Elven Halls |   6.4 |   6.4 |   0.4 |   0.7 |   3.7 | 815.0
        Vaults |  15.1 |  15.1 |   0.2 |   1.9 |   3.2 | 1147.0
         Crypt |   5.9 |   5.9 |   0.3 |   1.2 |   4.1 | 743.0
        Depths |  11.1 |  11.1 |   0.6 |   2.2 |   3.2 | 845.6
           Zot |   8.0 |   8.1 |   0.2 |   2.3 |   0.9 | 612.4
      Ziggurat |   0.9 |   0.9 |   0.0 |   2.8 |   0.0 |  59.0
        Bailey |   1.6 |   1.6 |   0.0 |   1.3 |   0.8 | 616.0
               +-------+-------+-------+-------+-------+----------------------

Table legend:
 A = Kills in this place as a percentage of kills in entire the game.
 B = Kills by you in this place as a percentage of kills by you in the entire game.
 C = Kills by friends in this place as a percentage of kills by friends in the entire game.
 D = Other kills in this place as a percentage of other kills in the entire game.
 E = Experience gained in this place as a percentage of experience gained in the entire game.
 F = Experience gained in this place divided by the number of levels of this place that you have seen.
                   A       B       C       D       E      F
               +-------+-------+-------+-------+-------+----------------------
         Total | 100.0 | 100.0 |  -nan | 100.0 | 100.0 | 29278.1
       Dungeon |  16.6 |  16.6 |  -nan |  20.0 |   4.0 | 4969.3
        Temple |   0.0 |   0.0 |  -nan |   0.0 |   0.0 |  13.0
          Lair |  12.1 |  12.1 |  -nan |   0.0 |   4.3 | 10101.1
         Swamp |   5.8 |   5.8 |  -nan |  20.0 |   4.1 | 19214.0
     Snake Pit |   7.3 |   7.3 |  -nan |   0.0 |   7.4 | 34837.0
  Orcish Mines |   6.1 |   6.1 |  -nan |   0.0 |   0.9 | 4203.5
   Elven Halls |   7.1 |   7.1 |  -nan |  20.0 |   7.7 | 48213.7
        Vaults |  18.5 |  18.5 |  -nan |  10.0 |  24.1 | 90329.8
         Crypt |   7.0 |   7.0 |  -nan |  10.0 |   9.7 | 60726.7
        Depths |  11.9 |  11.8 |  -nan |  20.0 |  17.5 | 65750.2
           Zot |   5.4 |   5.5 |  -nan |   0.0 |  18.8 | 70427.0
      Ziggurat |   1.3 |   1.3 |  -nan |   0.0 |   1.3 | 4047.2
        Bailey |   0.9 |   0.9 |  -nan |   0.0 |   0.1 | 1778.0
               +-------+-------+-------+-------+-------+----------------------
